AoeStats
← Le Rhinoceros

Four Lakes

507943086Analyzed
1v1 RM · 12d ago on Sep 20, 2026· 46m 0s· 2 players
Game mode
Random Map
Map size
Tiny (2 player)
Population
200
Speed
Normal
Resources
Standard
Victory
Conquest
Starting age
Dark Age
Ending age
Imperial Age
RankedLock teamsTeams togetherTeam positionsShared explorationLock speedFull tech treeHidden civsTurbo modeCheats
Victory
Defeat
🇫🇷 Lithuanians · France
916
+16
🇷🇺 Magyars · Russia
918
-16
Le Rhinoceros
0:28 Loom
13:18 Feudal Age
13:56 Double-Bit Axe
14:28 Horse Collar
15:39 Fishing Lines
17:19 Wheelbarrow
17:03 Town Watch
20:57 Castle Age
20:24 Bloodlines
20:53 Forging
21:31 Scale Barding Armor
21:31 Pikeman
22:28 Heavy Plow
23:42 Town Watch
24:10 Fletching
24:58 Light Cavalry
25:56 Squires
26:09 Husbandry
27:04 Gillnets
28:09 Bow Saw
29:31 Hand Cart
29:36 Town Patrol
31:35 Scale Mail Armor
32:17 Gold Mining
33:28 Stone Mining
35:14 Stone Shaft Mining
36:34 Iron Casting
36:20 Chain Barding Armor
40:40 Imperial Age
38:15 Bodkin Arrow
38:36 Chain Mail Armor
42:11 Conscription
42:27 Hoardings
42:26 Tower Shields
44:16 Two-Man Saw
43:27 Masonry
43:14 Murder Holes
44:30 Capped Ram
Chwarzkok
5:26 Loom
12:30 Feudal Age
13:10 Double-Bit Axe
20:18 Castle Age
19:19 Horse Collar
22:04 Husbandry
22:26 Scale Barding Armor
23:01 Bloodlines
23:17 Town Watch
23:41 Gold Mining
23:43 Stone Mining
24:58 Bow Saw
24:50 Heavy Plow
25:34 Chain Barding Armor
25:55 Wheelbarrow
26:12 Town Patrol
29:09 Fletching
29:19 Padded Archer Armor
30:29 Hand Cart
30:40 Ballistics
31:04 Elite Skirmisher
32:28 Bodkin Arrow
32:49 Leather Archer Armor
35:30 Thumb Ring
34:49 Light Cavalry
39:26 Imperial Age
46:09 Plate Barding Armor
45:35 Bracer
46:48 Two-Man Saw
46:19 Crop Rotation
Connection lost

Rejoining the realm…

Still unreachable

The connection could not be restored.

Session expired

The server has moved on; the page needs a fresh start.